 Dungeon Crawl Stone Soup version 0.19-a0-1025-g778f431 (webtiles) character file.

2 ololoev the Chopper (level 1, 0/30 HPs)
             Began as a Hill Orc Berserker on July 28, 2016.
             Was a Follower of Trog.
             Slain by a giant gecko (1 damage)
             ... on level 1 of the Dungeon.
             The game lasted 00:00:55 (78 turns).

ololoev the Chopper (Hill Orc Berserker)              Turns: 78, Time: 00:00:56

Health: 0/30       AC:  2    Str: 24    XL:     1   Next: 30%
Magic:  1/1        EV: 12    Int:  7    God:    Trog [*.....]
Gold:   0          SH:  0    Dex: 10    Spells: 0 memorised, 0 levels left

rFire  . . .     SeeInvis .     a - +0 hand axe
rCold  . . .     Gourm    .     b - +0 animal skin
rNeg   . . .     Faith    .     (no shield)
rPois  .         Spirit   .     (no helmet)
rElec  .         Dismiss  .     (no cloak)
rCorr  .         Reflect  .     (no gloves)
SustAt .         Harm     .     (no boots)
MR     .....                    (no amulet)
Stlth  ..........               (no ring)
                                (no ring)

@: berserking, very quick, not resistant to hostile enchantments, extremely
unstealthy
A: no striking features
a: Berserk, Burn Spellbooks, Renounce Religion

Inventory:

Hand Weapons
 a - a +0 hand axe (weapon)
Armour
 b - a +0 animal skin (worn)
Potions
 d - 2 potions of curing {unknown}
 e - a potion of brilliance {unknown}
Comestibles
 c - a bread ration


   Skills:
 + Level 3.7 Fighting
 * Level 4.1 Axes
 + Level 2.1 Armour
 - Level 1.5 Dodging


You couldn't memorise any spells.
You didn't know any spells.


You were on level 1 of the Dungeon.
You worshipped Trog.
Trog was aware of your devotion.
You were not hungry.

You visited 1 branch of the dungeon, and saw 1 of its levels.

### +l# #@#
#########†#
#....#....#
#...####
##.## ....#
#.# ....#
#.# ...#
#†# #..#
#.#

Notes
Turn   | Place    | Note
-------+----------+-------------------------------------------
     0 | D:1      | ololoev the Hill Orc Berserker began the quest for the Orb.
     0 | D:1      | Reached XP level 1. HP: 19/19 MP: 1/1
     0 | D:1      | ololoev: почему?
     0 | D:1      | Goblin1989: это же спидран, тут каждый ход нужен
     0 | D:1      | Goblin1989: вот будешь в образе буратины - выбрасывай
     0 | D:1      | ololoev: это конечно да, но +- 50 ходов не повлияют сильно
     0 | D:1      | Goblin1989: ну как сказать
     0 | D:1      | Goblin1989: может и повлиять
     0 | D:1      | Goblin1989: я много за ермаком наблюдаю
     0 | D:1      | Goblin1989: он до лэйера все чистит
     0 | D:1      | Goblin1989: а потом нацинает спидранить
     0 | D:1      | Goblin1989: если хп совсем мало - махает блоуганом или косой там
     0 | D:1      | Goblin1989: и выбрасывает ненужное только когда места нет свободного сосвем
    77 | D:1      | HP: 1/20 [giant gecko (2)]
    78 | D:1      | Slain by a giant gecko

Dungeon Overview and Level Annotations

Branches:
Dungeon (1/15)

Altars:


Message History

Welcome, ololoev the Hill Orc Berserker.
Will you be the one to retrieve the fabulous Orb of Zot from the depths?
Trog says: Kill them all!
Press ? for a list of commands and other information.
Found a staircase leading out of the dungeon.
Unknown command.
Found an amethyst potion.
d - an amethyst potion
Found a dark potion.
e - a dark potion
Found 24 stones and an amethyst potion.
d - 2 amethyst potions (gained 1)
A rat comes into view.
Found 10 arrows.
Found 19 stones.
There is a dry fountain here.
A giant cockroach comes into view.
You hit the giant cockroach.
The giant cockroach is moderately wounded.
The giant cockroach barely misses you. x2
You hit the giant cockroach.
The giant cockroach is almost dead.
The giant cockroach bites you but does no damage.
You hit the giant cockroach.
You kill the giant cockroach!
Trog accepts your kill.
You see here a giant cockroach corpse.
A giant gecko comes into view.
The giant gecko hisses angrily.
The giant gecko closely misses you.
You closely miss the giant gecko. You barely miss the rat.
The giant gecko bites you. The rat bites you.
You barely miss the giant gecko. You hit the rat. The giant gecko misses you.
The rat misses you. The giant gecko bites you.
You hit the giant gecko but do no damage.
You barely miss the rat. The rat closely misses you.
The giant gecko bites you but does no damage.
You closely miss the giant gecko. You barely miss the rat. The rat bites you.
The giant gecko bites you.
You barely miss the giant gecko. You hit the rat.
You kill the rat!
Trog accepts your kill. The giant gecko barely misses you.
The giant gecko bites you.
You barely miss the giant gecko. The giant gecko bites you.
Use which ability? (? or * to list)
A red film seems to cover your vision as you go berserk!
You feel yourself moving faster!
You feel mighty!
You feel somewhat more hungry. The giant gecko bites you.
You die...

You could see a giant gecko.

Vanquished Creatures
  A giant cockroach (D:1)
  A rat (D:1)
2 creatures vanquished.

Action                   || total
-------------------------++-------
Melee: Hand axe          ||     9
Invok: Berserk           ||     1
Armor: Animal skin       ||     2
Dodge: Dodged            ||     7

Vault maps used:
D:1:      erik_arrival_cave_to_civilisation, minivault_14,
          kennysheep_small_spiral
